 Dungeon Crawl Stone Soup version 0.29.1-12-g30fa7ad0bf (webtiles) character file.

Game seed: 18084537444597290725

27 nshep25 the Trooper (level 2, -1/24 HPs)
             Began as a Demonspawn Monk on Dec 16, 2022.
             Slain by a gnoll
             ... wielding a +0 vorpal flail
              (5 damage)
             ... on level 2 of the Dungeon.
             The game lasted 00:02:56 (1021 turns).

nshep25 the Trooper (Demonspawn Monk)               Turns: 1021, Time: 00:02:57

Health: -1/24      AC:  7    Str: 11    XL:     2   Next: 93%
Magic:  2/2        EV: 13    Int: 17    God:
Gold:   112        SH:  0    Dex: 15    Spells: 1/1 levels left

rFire   . . .      SeeInvis .   a - +0 spear
rCold   . . .      Faith    .   (no shield)
rNeg    . . .      Spirit   .   b - +0 robe
rPois   .          Reflect  .   (no helmet)
rElec   .          Harm     .   (no cloak)
rCorr   .          Rampage  .   (no gloves)
Will    .....                   j - +0 pair of boots
Stlth   ++........              (no amulet)
HPRegen 0.08/turn               i - +4 ring of protection
MPRegen 0.08/turn               k - +6 ring of intelligence

@: no status effects
A: hooves 1
a: no special abilities


You were on level 2 of the Dungeon.
You visited 1 branch of the dungeon, and saw 2 of its levels.

You collected 112 gold pieces.

Inventory:

Hand Weapons
 a - a +0 spear (weapon)
Missiles
 e - 10 poisoned darts (quivered)
Armour
 b - a +0 robe (worn)
 j - a +0 pair of boots (worn)
Jewellery
 i - a +4 ring of protection (left hand)
 k - a +6 ring of intelligence (right hand)
Scrolls
 f - 3 scrolls of butterflies {unknown}
 g - 2 scrolls of vulnerability {unknown}
 h - a scroll of identify {unknown}
Potions
 c - a potion of ambrosia
 d - a potion of attraction {unknown}


   Skills:
 + Level 3.4 Fighting
 + Level 3.0 Polearms
 + Level 2.9 Dodging
 + Level 2.1 Stealth


You had one spell level left.
You didn't know any spells.
Your spell library contained the following spells:

 Spells                   Type           Power      Damage    Failure   Level
 Apportation              Tloc           0%         N/A       24%         1
 Necrotise                Necr           0%         1d4       24%         1
 Summon Small Mammal      Summ           0%         N/A       24%         1
 Fireball                 Conj/Fire      0%         3d3       100%        5
 Iskenderun's Battlesphe  Conj           0%         2d6       100%        5
 Conjure Ball Lightning   Conj/Air       0%         3x3d6     100%        6
 Orb of Destruction       Conj           0%         9d5       100%        7


Dungeon Overview and Level Annotations

Branches:
Dungeon (2/15)

Altars:


Innate Abilities, Weirdness & Mutations

You have large cloven feet.


Message History

The gnoll is lightly wounded.
You hit the gnoll.
The gnoll is lightly wounded.
The gnoll hits you but does no damage.
You hit the gnoll.
The gnoll is moderately wounded.
The gnoll barely misses you.
You barely miss the gnoll.
The gnoll is moderately wounded.
The gnoll closely misses you.
You hit the gnoll but do no damage.
The gnoll is moderately wounded.
The gnoll closely misses you.
You hit the gnoll but do no damage.
The gnoll is moderately wounded.
The gnoll barely misses you.
You barely miss the gnoll.
The gnoll is moderately wounded.
The gnoll hits you with a +0 flail!
Ouch! That really hurt!
You hear a shout!
You hit the gnoll.
The gnoll is heavily wounded.
You hear a shout!
The gnoll misses you.
A gnoll comes into view. It is wielding a +0 vorpal flail.
You barely miss the gnoll.
The gnoll is heavily wounded.
The gnoll misses you.
You hit the gnoll.
The gnoll is almost dead.
The gnoll hits you with a +0 flail!
* * * LOW HITPOINT WARNING * * *
You hit the gnoll.
You kill the gnoll!
Your Stealth skill increases to level 2!
You hit the gnoll but do no damage. The gnoll hits you but does no damage.
You closely miss the gnoll.
The gnoll hits you with a +0 vorpal flail.
You die...

#### ### #.. ..# #g# #.#
# #@# #.# ..#.###.####
#.# ...........# #.#
..#.##...#.###.#########
#...................
##.........#.##.###.
##.########.##.# #. #.#
#.##.###. #.# #.##..##.


You could see a gnoll.

Vanquished Creatures
  A gnoll (D:2)
  3 bats
  An endoplasm (D:1)
  A goblin (D:1)
  4 kobolds (D:1)
  2 ball pythons (D:1)
  2 frilled lizards (D:1)
  4 rats (D:1)
18 creatures vanquished.

Vanquished Creatures (others)
  A plant (D:1)
1 creature vanquished.

Grand Total: 19 creatures vanquished

Notes
Turn   | Place    | Note
-------+----------+-------------------------------------------
     0 | D:1      | nshep25 the Demonspawn Monk began the quest for the Orb.
     0 | D:1      | Reached XP level 1. HP: 18/18 MP: 1/1
   473 | D:1      | Found a faded altar of an unknown god.
   496 | D:1      | Gained mutation: You have large cloven feet. [demonic
                  | ancestry]
   496 | D:1      | Reached XP level 2. HP: 24/24 MP: 2/2
  1021 | D:2      | Slain by a gnoll

Illustrated notes

Levels and vault maps discovered:
D:1:      lightli_arrival_quake, layout_rooms, nicolae_ecumenical_lake_church,
          serial_bayou_ford_a
D:2:      layout_loops_corners, uniq_robin

Skill      XL: |  1  2 |
---------------+-------+-----
Polearms       | 3 |  3.0
Stealth        | 2 |  2.1
Fighting       | |  3.4
Dodging        | |  2.9

Action                   || total
-------------------------++-------
Melee: Spear             ||    53
       Kick              ||     2
 Stab: Sleeping          ||     8
Armor: Robe              ||    14
Dodge: Dodged            ||    17
